 Dungeon Crawl Stone Soup version 0.19-a0-1013-g40768a3 (webtiles) character file.

5518 HAL9000 the Basher (level 10, -8/111 HPs)
             Began as an Ogre Berserker on July 24, 2016.
             Was a High Priest of Trog.
             Mangled by a blink frog (12 damage)
             ... on level 1 of the Lair of Beasts.
             The game lasted 00:19:43 (10488 turns).

HAL9000 the Basher (Ogre Berserker)                Turns: 10488, Time: 00:19:43

Health: -8/111     AC:  8    Str: 31    XL:     10   Next: 70%
Magic:  10/10      EV: 11    Int: 11    God:    Trog [*****.]
Gold:   393        SH: 13    Dex: 12    Spells: 0 memorised, 9 levels left

rFire  + . .     SeeInvis .     L - +3 flail (protect)
rCold  + . .     Gourm    .     b - +0 animal skin
rNeg   . . .     Faith    .     G - +2 shield
rPois  +         Spirit   .     (helmet restricted)
rElec  +         Dismiss  .     x - +0 cloak
rCorr  +         Reflect  .     (gloves unavailable)
SustAt .         Harm     .     (boots unavailable)
MR     +++..                    P - amulet of rage
Stlth  +.........               (no ring)
                                (no ring)

@: mighty, brilliant, exhausted, resistant, flying, very slightly contaminated,
regenerating, hasted and slowed, invisible, extremely resistant to hostile
enchantments, very unstealthy
A: unfitting armour, deformed body, strong 1, tough skin 1, evolution 1
a: Berserk, Trog's Hand, Brothers in Arms, Burn Spellbooks, Renounce Religion,
Evoke Berserk Rage


You were on level 1 of the Lair of Beasts.
You worshipped Trog.
Trog was extremely pleased with you.
You were very hungry.

You visited 2 branches of the dungeon, and saw 9 of its levels.

You collected 393 gold pieces.

Inventory:

Hand Weapons
 L - a +3 flail of protection (weapon)
Missiles
 f - 8 javelins (quivered)
 A - 2 throwing nets
Armour
 b - a +0 animal skin (worn)
 x - a +0 cloak (worn)
 G - a +2 shield (worn)
Jewellery
 P - an amulet of rage (around neck)
Wands
 R - a wand of lightning (7/15)
 S - a wand of disintegration (8/24)
Scrolls
 e - 6 scrolls of identify {unknown}
 i - 2 scrolls of fog {unknown}
 n - 7 scrolls of remove curse {unknown}
 o - 2 scrolls of enchant weapon {unknown}
 q - a scroll of teleportation {unknown}
 r - 2 scrolls of noise {unknown}
 v - 2 scrolls of immolation {unknown}
 y - 2 scrolls of blinking {unknown}
 z - 2 scrolls of recharging {unknown}
 C - a scroll of enchant armour {unknown}
 F - 2 scrolls of amnesia {unknown}
 O - a scroll of vulnerability {unknown}
Potions
 d - 2 potions of magic
 h - 2 potions of haste
 m - 2 potions of curing
 t - a potion of brilliance
Books
 I - a book of Spatial Translocations

   Spells                             Type                      Level
   a - Apportation                    Translocation                1
   b - Blink                          Translocation                2
   c - Shroud of Golubria             Charms/Translocation         2
   d - Portal Projectile              Translocation                3
   e - Teleport Other                 Translocation                3
   f - Passage of Golubria            Translocation                4
   Trog disapproves of the use of such an item.
Comestibles
 c - 7 bread rations
 w - a meat ration
 N - 6 beef jerkies


   Skills:
 - Level 10.6 Fighting
 - Level 14.0 Maces & Flails
 - Level 5.6 Dodging
 + Level 5.6 Shields


You had 9 spell levels left.
You didn't know any spells.

Dungeon Overview and Level Annotations

Branches:
Dungeon (8/15)             Temple (0/1) D:5            Lair (1/6) D:8

Altars:
Cheibriados

Shops:
D:8 [*[[=


Innate Abilities, Weirdness & Mutations

You are too large for most types of armour.
You have tough skin. (AC +1)
Armour fits poorly on your strangely shaped body.
Your muscles are strong. (Str +2)
You evolve.


Message History

It was a potion of brilliance.
You feel clever all of a sudden. The blink frog closely misses you.
The river rat bites you but does no damage.
You block the blink frog's attack. The river rat bites you.
* * * LOW HITPOINT WARNING * * *
It was a potion of cure mutation.
It has a very clean taste.
The blink frog barely misses you. You block the river rat's attack.
The river rat bites you but does no damage.
Unknown command.
It was a potion of mutation.
You feel extremely strange.
Your body twists and deforms.
You feel stronger.
You feel nature experimenting on you.
Don't worry, failures die fast.
The blink frog misses you. You block the river rat's attack.
You block the blink frog's attack. You block the river rat's attack.
Unknown command.
It was a potion of flight.
You feel very buoyant.
You fly up into the air.
The blink frog hits you!
You die...

......# ....... .......#
........ ........
........#####
......F#.#.P######
......Frr.........
.......#@#......##
###...###F.......# ...8.###
#$.......## ## ......##
##........# #. 8.>.8.#
#........## .##......#
##........# ##.# ....
#####......## ####..###.###
##..##.......#
.....#......###.....##....##


You could see 3 blink frogs and 2 river rats.

Vanquished Creatures
  A hydra (Lair:1)
  A spiny frog (Lair:1)
  A wyvern (D:8)
  A hippogriff (D:7)
  A porcupine (D:8)
  4 water moccasins
  An ice beast (D:8)
  2 sky beasts
  4 ogres (D:7)
  3 orc warriors
  3 centaurs
  A crocodile (D:8)
  8 giant frogs
  A scorpion (D:7)
  3 killer bees (D:7)
  4 wights (D:7)
  2 electric eels (Lair:1)
  A howler monkey (D:4)
  4 crimson imps
  2 centaur zombies
  2 quasits (D:8)
  A jelly (D:6)
  A gnoll shaman (D:5)
  9 orc priests
  A centaur skeleton (D:7)
  3 hounds
  9 orc wizards
  Terence (D:3)
  Jessica (D:2)
  5 worker ants
  Ijyb (D:2)
  A hound skeleton (D:4)
  A mummy (D:6)
  A howler monkey zombie (D:5)
  4 gnolls
  13 river rats
  13 adders
  2 shadow imps
  An adder skeleton (D:8)
  3 worms
  A dart slug (D:3)
  6 giant geckos
  37 orcs
  A ball python (D:4)
  4 bats
  3 giant cockroaches
  15 goblins
  4 hobgoblins
  14 jackals
  8 kobolds
  4 quokkas
  13 giant newts
  6 rats
  A fungus (D:8)
238 creatures vanquished.

Vanquished Creatures (others)
  4 river rats (Lair:1)
4 creatures vanquished.

Grand Total: 242 creatures vanquished

Notes
Turn   | Place    | Note
-------+----------+-------------------------------------------
     0 | D:1      | HAL9000 the Ogre Berserker began the quest for the Orb.
     0 | D:1      | Reached XP level 1. HP: 24/24 MP: 1/1
   410 | D:1      | Reached XP level 2. HP: 32/32 MP: 2/2
  1049 | D:2      | Reached skill level 5 in Maces & Flails
  1049 | D:2      | Reached XP level 3. HP: 27/40 MP: 3/3
  1760 | D:2      | Reached skill level 5 in Fighting
  1780 | D:2      | Reached ** piety under Trog
  2033 | D:2      | Noticed Ijyb
  2047 | D:2      | Killed Ijyb
  2047 | D:2      | Reached XP level 4. HP: 50/50 MP: 4/4
  2362 | D:2      | Reached skill level 6 in Maces & Flails
  2584 | D:2      | Noticed Jessica
  2592 | D:2      | Killed Jessica
  2592 | D:2      | Reached XP level 5. HP: 57/58 MP: 5/5
  3083 | D:3      | Noticed Terence
  3095 | D:3      | Killed Terence
  3120 | D:3      | Found a faded altar of an unknown god.
  3537 | D:3      | Reached *** piety under Trog
  3774 | D:4      | Reached skill level 7 in Maces & Flails
  3777 | D:4      | Reached XP level 6. HP: 35/67 MP: 6/6
  4247 | D:4      | Reached skill level 8 in Maces & Flails
  4479 | D:4      | Reached XP level 7. HP: 65/76 MP: 7/7
  5475 | D:4      | Reached skill level 9 in Maces & Flails
  5783 | D:5      | Entered Level 5 of the Dungeon
  5822 | D:5      | Reached **** piety under Trog
  6103 | D:5      | Found a staircase to the Ecumenical Temple.
  6468 | D:5      | Reached skill level 10 in Maces & Flails
  6505 | D:6      | Reached XP level 8. HP: 70/88 MP: 8/8
  6655 | D:6      | Found a snail-covered altar of Cheibriados.
  7311 | D:6      | Reached skill level 11 in Maces & Flails
  7869 | D:7      | Reached skill level 1 in Shields
  7995 | D:7      | Reached XP level 9. HP: 84/97 MP: 9/9
  8031 | D:7      | Reached ***** piety under Trog
  8169 | D:7      | Reached skill level 12 in Maces & Flails
  8853 | D:8      | Found Aceracosty's Assorted Antiques.
  9223 | D:8      | Found Nuesiet's Armour Emporium.
  9312 | D:8      | Found a staircase to the Lair.
  9346 | D:8      | Reached skill level 13 in Maces & Flails
  9357 | D:8      | Found Epuer's Jewellery Boutique.
  9458 | D:8      | Found Jiprarui's Antique Armour Shop.
  9592 | D:8      | Reached skill level 10 in Fighting
  9592 | D:8      | Reached skill level 5 in Dodging
  9592 | D:8      | Reached XP level 10. HP: 96/110 MP: 10/10
  9663 | D:8      | Found Veyvvoug's Armour Boutique.
  9734 | Lair:1   | Entered Level 1 of the Lair of Beasts
  9746 | D:8      | Received a gift from Trog
 10244 | Lair:1   | Noticed a six-headed hydra
 10252 | Lair:1   | Killed a six-headed hydra
 10328 | Lair:1   | Reached skill level 14 in Maces & Flails
 10420 | Lair:1   | Noticed a spiny frog
 10441 | Lair:1   | Killed a spiny frog
 10441 | Lair:1   | Reached skill level 5 in Shields
 10482 | Lair:1   | HP: 3/111 [river rat (4)]
 10485 | Lair:1   | HP: 1/111 [river rat (6)]
 10487 | Lair:1   | Gained mutation: Armour fits poorly on your strangely shaped body. [potion of mutation]
 10487 | Lair:1   | Gained mutation: Your muscles are strong. (Str +2) [potion of mutation]
 10487 | Lair:1   | Gained mutation: You evolve. [potion of mutation]
 10488 | Lair:1   | Mangled by a blink frog

Vault maps used:
D:1:      dpeg_arrival_boxes_within_box
D:2:      kennysheep_goblin_castle, uniq_jessica
D:3:      ecumenical_altar_2, first_bread, minivault_26, uniq_terence
D:4:      minmay_checkerbox
D:6:      slow_altar_1
D:7:      grunt_ogre_cave
D:8:      dpeg_oklobed_lair, serial_shops, nicolae_shop_overgrown_old_shop,
          nicolae_shop_crystal, shop, shop, nicolae_shop_trees,
          grunt_ministairs_13
Lair:1:   infiniplex_staircase_pool, grunt_megastairs_1, serial_bayou_shore_b

Skill      XL: |  1  2  3  4  5  6  7  8  9 10 |
---------------+-------------------------------+-----
Maces & Flails | 5 6 7 8 10 11 13 14 | 14.0
Fighting       | 5 6 7 8 10 | 10.6
Dodging        | 3 5 |  5.6
Shields        | 1 3 5 |  5.6

Action                   |  1- 3 |  4- 6 |  7- 9 | 10-12 || total
-------------------------+-------+-------+-------+-------++-------
Melee: Mace              |    80 |   150 |       |       ||   230
       Flail             |       |    50 |   416 |   156 ||   622
Throw: Javelin           |     6 |     8 |       |     4 ||    18
Invok: Berserk           |     2 |     3 |     4 |     3 ||    12
       Trog's Hand       |       |       |       |     1 ||     1
  Use: Potion            |       |       |       |    10 ||    10
 Stab: Sleeping          |     1 |       |       |       ||     1
  Eat: Chunk             |     4 |    12 |    21 |     3 ||    40
       Royal jelly       |       |       |       |     1 ||     1
Armor: Animal skin       |    31 |    52 |    96 |    57 ||   236
Dodge: Dodged            |    60 |    97 |   147 |    75 ||   379
Block: Shield            |       |       |    86 |   109 ||   195
